[Event "Early-Titled-Tuesday-Blitz-October-03-2023"]
[Site "Chess.com"]
[Date "2023.10.03"]
[Round "9"]
[White "HrvojeZagreb"]
[Black "knightinshiningarmour16"]
[Result "0-1"]
[WhiteElo "2293"]
[BlackElo "2123"]
[TimeControl "180+1"]
[EndTime "9:46:20 PDT"]
[Termination "knightinshiningarmour16 won by resignation"]

1. f4 d5 2. b3 c6 3. Bb2 Nf6 4. Nf3 Bf5 5. e3 e6 6. d3 Be7 7. Nbd2 h6 8. a4 a5 9. Ne5 Nbd7 10. Be2 O-O 11. O-O Bh7 12. Bf3 Qb6 13. Qe2 Bc5 14. d4 Bb4 15. c3 Be7 16. g4 Nxe5 17.
fxe5 Nd7 18. e4 dxe4 19. Bxe4 c5 20. Bxh7+ Kxh7 21. Qe4+ Kg8 22. Ba3 Bg5 23. Nf3 Qxb3 24. Nxg5 hxg5 25. Rf3 Rfc8 26. Rh3 g6 27. Rf3 cxd4 28.
cxd4 Qxa4 29. Raf1 Nf8 30. Be7 Qc2 31. Qxc2 Rxc2 32.
Rxf7 Rcc8 33. Ba3 b5 34. Bc1 a4 35. Bxg5 a3 36. R7f6 a2 37. Ra1 b4 38. d5 b3 39.
dxe6 b2 40. Raf1 b1=Q 41. e7 Qxf1+ 42. Rxf1 a1=Q 43.
exf8=Q+ Rxf8 44. Rxa1 Rxa1+ 0-1

[Event "Early-Titled-Tuesday-Blitz-October-03-2023"]
[Site "Chess.com"]
[Date "2023.10.03"]
[Round "9"]
[White "maracayo"]
[Black "MathiasWomacka"]
[Result "1-0"]
[WhiteElo "2410"]
[BlackElo "2538"]
[TimeControl "180+1"]
[EndTime "9:46:24 PDT"]
[Termination "maracayo won on time"]

1. e4 c5 2. Nf3 d6 3. d3 Nc6 4.
Nbd2 g6 5. Be2 Bg7 6. O-O e5 7. c3 Nge7 8. h3 O-O 9. Re1 h6 10. a3 Be6 11. b4 Qd7 12. Bb2 f5 13. Bf1 Kh7 14. b5 Nd8 15. d4 exd4 16. cxd4 b6 17. a4 fxe4 18. Nxe4 Bd5 19. Bd3 Ne6 20. g3 Rxf3 21. Qxf3 Nxd4 22. Nf6+ Bxf6 23. Qxf6 Nf3+ 24. Kf1 Nh2+ 25. Ke2 Nf5 26. Bxf5 gxf5 27. Kd1 Be4 28. Rxe4 fxe4 29. Kc2 Nf3 30. Rd1 Nd4+ 31. Kb1 Rg8 32. g4 Rg7 33. Bxd4 cxd4 34. Rxd4 Rf7 35. Qh4 Qc7 36.
Qg3 Qc3 37. Qxc3 1-0

[Event "Early-Titled-Tuesday-Blitz-October-03-2023"]
[Site "Chess.com"]
[Date "2023.10.03"]
[Round "9"]
[White "MikaelyanArman"]
[Black "jk13"]
[Result "1/2-1/2"]
[WhiteElo "2844"]
[BlackElo "2637"]
[TimeControl "180+1"]
[EndTime "9:46:25 PDT"]
[Termination "Game drawn by repetition"]

1. d4 Nf6 2. Nf3 e6 3. g3 d5 4.
Bg2 b5 5. O-O Nbd7 6. a4 b4 7.
c4 bxc3 8. Nxc3 Be7 9. Bf4 c6 10.
a5 Ba6 11. Qa4 Rc8 12. Rfc1 O-O 13. b4 Nh5 14. Bd2 Nhf6 15. b5 cxb5 16. Nxb5 Rxc1+ 17.
Rxc1 Qb8 18. Rb1 Bxb5 19. Qxb5 Qxb5 20. Rxb5 Rb8 21. Rxb8+ Nxb8 22. Ne5 Nfd7 23. Nxd7 Nxd7 24. e3 Kf8 25. Bf1 Ke8 26. Bb5 Kd8 27. Kf1 Kc7 28. Ke2 Bd6 29. Kd3 f5 30. h4 Nb8 31. Kc2 Nc6 32.
Kb3 Kb7 33. Bd3 Kc7 34. h5 g6 35. hxg6 hxg6 36. Ka4 g5 37. f4 g4 38. Kb5 Kb7 39. a6+ Kc7 40. Ka4 Kd7 41. Bb5 Kc7 42. Bc3 Be7 43.
Bb2 Bd6 44. Bc1 Be7 45. Bd2 Bd6 46. Be2 Be7 47. Kb5 Bd6 48. Bc3 Ba3 49. Bd2 Bd6 50. Bd1 Ba3 51. Bb3 Bd6 52. Bc1 Be7 53. Bd2 Bd6 54. Bc3 Be7 55. e4 fxe4 56. Bd1 Bf6 57.
Kc5 Be7+ 58. Kb5 Bf6 59. Kc5 Be7+ 60. Kb5 1/2-1/2

[Event "Early-Titled-Tuesday-Blitz-October-03-2023"]
[Site "Chess.com"]
[Date "2023.10.03"]
[Round "9"]
[White "rachidhuilda"]
[Black "kidagent"]
[Result "0-1"]
[WhiteElo "2383"]
[BlackElo "2282"]
[TimeControl "180+1"]
[EndTime "9:46:25 PDT"]
[Termination "kidagent won by resignation"]

1. d4 d5 2. Nf3 Nf6 3. e3 c6 4. Bd3 Bg4 5. O-O e6 6. b3 Nbd7 7. Bb2 Bd6 8. Nbd2 O-O 9. c4 Qe7 10. Qc2 Rfd8 11. Ne5 Bh5 12. f4 c5 13. Rae1 cxd4 14. exd4 dxc4 15. bxc4 Bb4 16. Re3 Bg6 17. f5 Nxe5 18. dxe5 Ng4 19. Re2 Qc5+ 20. Kh1 Ne3 21. Rxe3 Qxe3 22. fxg6 Qxd3 23. gxf7+ Kf8 24. Qxd3 Rxd3 25.
Ne4 Rad8 26. Ng5 Ke7 27. Nxh7 Rf8 28. Nxf8 Kxf8 29. h4 g6 30. Rf3 Rxf3 31. gxf3 Be1 32. h5 gxh5 33. Kg2 Kxf7 34. Kh3 Kg6 35. Bc1 Kf5 36.
f4 h4 37. Be3 a6 38. Bc1 Bg3 39. Bd2 Bxf4 40. Be1 Kxe5 41. Bxh4 Kd4 42. Bd8 Kxc4 43. Kg4 Bd6 44. Kf3 Kb4 45. Ke4 Ka3 46. Bb6 Kxa2 0-1

[Event "Early-Titled-Tuesday-Blitz-October-03-2023"]
[Site "Chess.com"]
[Date "2023.10.03"]
[Round "9"]
[White "JoakimVonAnd"]
[Black "isaak2009"]
[Result "1-0"]
[WhiteElo "2734"]
[BlackElo "2548"]
[TimeControl "180+1"]
[EndTime "9:46:26 PDT"]
[Termination "JoakimVonAnd won on time"]

1. d4 d5 2. c4 c6 3. cxd5 cxd5 4. Nc3 Nf6 5. Nf3 Nc6 6. Bf4 a6 7. Qb3 Na5 8. Qa4+ Bd7 9. Qc2 Rc8 10. e3 e6 11. Bd3 Be7 12. O-O O-O 13. h3 h6 14.
Rac1 b5 15. Qe2 Qb6 16. e4 dxe4 17. Nxe4 Nd5 18. Bg3 Rxc1 19. Rxc1 Rc8 20. Rd1 Nc6 21. Bb1 Na5 22. Ne5 Be8 23. Qd3 Nb4 24. Qf3 Nac6 25. Nc3 Nxd4 26. Qe3 Bc5 27. Ne4 Nf5 28. Qf3 Nxg3 29.
Qxg3 Bd4 30. Ng4 Kf8 31. Qf4 f5 32. Nd6 Rd8 33. Rxd4 Kg8 34. Ne3 Nc6 35. Rd1 Ne7 36. Qe5 Nc6 37. Qxe6+ Kh8 38. Nxe8 Rxd1+ 39. Nxd1 Qd4 40.
Ne3 f4 41. Qg6 Kg8 42. Qe6+ Kh8 43. Qg6 Kg8 44. Qxc6 fxe3 45. Qe6+ Kf8 46. Qxe3 1-0

[Event "Early-Titled-Tuesday-Blitz-October-03-2023"]
[Site "Chess.com"]
[Date "2023.10.03"]
[Round "9"]
[White "Mystery2007"]
[Black "hakanazeri2"]
[Result "0-1"]
[WhiteElo "2468"]
[BlackElo "2596"]
[TimeControl "180+1"]
[EndTime "9:46:26 PDT"]
[Termination "hakanazeri2 won on time"]

1. e4 c5 2. Nf3 d6 3. d4 cxd4 4. Nxd4 Nf6 5. Nc3 a6 6. Bg5 e6 7.
f4 Be7 8. Qf3 Qc7 9. O-O-O Nbd7 10. g4 b5 11. Bxf6 Nxf6 12. g5 Nd7 13. f5 O-O 14.
Qh5 Ne5 15. Rg1 b4 16. Nce2 Bb7 17. f6 Bd8 18. Ng3 Rc8 19. Rd2 d5 20. Ngf5 exf5 21. Nxf5 Qc5 22. Rg3 dxe4 23. Nh6+ Kh8 24. fxg7+ Kxg7 25. Nf5+ Kg8 26. Rh3 Nd3+ 27. Bxd3 Qxf5 28. Kb1 exd3 29. Rhxd3 Be4 30. Rf2 Bxd3 31. Rxf5 Bxc2+ 32. Ka1 Bxf5 33. a3 Rc1+ 34. Ka2 b3+ 35. Kxb3 Be6+ 0-1

[Event "Early-Titled-Tuesday-Blitz-October-03-2023"]
[Site "Chess.com"]
[Date "2023.10.03"]
[Round "9"]
[White "maurovargas01"]
[Black "NtcPou"]
[Result "0-1"]
[WhiteElo "1893"]
[BlackElo "1936"]
[TimeControl "180+1"]
[EndTime "9:46:26 PDT"]
[Termination "NtcPou won on time"]

1. e4 c6 2. d4 d5 3. e5 Bf5 4. g4 Be4 5. f3 Bg6 6. h4 h5 7. e6 Qd6 8. exf7+ Bxf7 9. Ne2 Nd7 10. g5 e5 11. dxe5 Nxe5 12. Bg2 Ne7 13. Bf4 N7g6 14. Bg3 Qb4+ 15. Nbc3 O-O-O 16. a3 Qxb2 17. O-O Bc5+ 18. Kh2 Qb6 19. Na4 Qa5 20. Nxc5 Qxc5 21. a4 Rhe8 22. a5 Nc4 23. Qc1 Ne3 24. Rg1 Nxg2 25. Rxg2 Re3 26. a6 b5 27. Bf2 Qd6+ 28. Bg3 Qc5 29. Bf2 Qd6+ 30. Ng3 Rxf3 31. Kg1 Nxh4 32. Rb1 Bg6 0-1

[Event "Early-Titled-Tuesday-Blitz-October-03-2023"]
[Site "Chess.com"]
[Date "2023.10.03"]
[Round "9"]
[White "Jospem"]
[Black "ChessLover0108"]
[Result "1-0"]
[WhiteElo "3073"]
[BlackElo "2932"]
[TimeControl "180+1"]
[EndTime "9:46:27 PDT"]
[Termination "Jospem won on time"]

1. e4 c5 2. Nf3 d6 3. c3 Nf6 4. h3 Nc6 5. Bd3 g6 6. Bc2 e5 7.
O-O Bg7 8. d3 O-O 9. Bg5 h6 10.
Bxf6 Bxf6 11. Bb3 Ne7 12. Nbd2 b6 13. Nc4 Bb7 14. Ne3 h5 15. Re1 Kg7 16. Bc4 a6 17.
a4 Bc6 18. Qb3 Qd7 19. Bd5 Nxd5 20. Nxd5 Rfb8 21. Nxf6 Kxf6 22. d4 Qe7 23. Qa3 Kg7 24. b4 exd4 25. cxd4 Bd7 26. Rad1 cxb4 27. Qxb4 a5 28. Qa3 b5 29. axb5 Rxb5 30. e5 Ra6 31. d5 Rb4 32. e6 fxe6 33. dxe6 Be8 34. Qc3+ Kg8 35. Nd2 Rc6 36. Qa3 Rc5 37. Ne4 Re5 38.
f3 Qxe6 39. Rxd6 Qxd6 40. Nxd6 Rxe1+ 41. Kh2 Re5 42. Qc3 Re6 43. Qc5 Rb8 44. Qd5 Bf7 45. Ne4 Rbe8 46. Qxa5 1-0

[Event "Early-Titled-Tuesday-Blitz-October-03-2023"]
[Site "Chess.com"]
[Date "2023.10.03"]
[Round "9"]
[White "sokidze"]
[Black "Russian_berezka"]
[Result "1-0"]
[WhiteElo "2799"]
[BlackElo "2629"]
[TimeControl "180+1"]
[EndTime "9:46:27 PDT"]
[Termination "sokidze won by resignation"]

1. e4 e5 2. Nf3 Nc6 3. Bb5 a6 4. Ba4 Nf6 5. Nc3 b5 6. Bb3 Bc5 7. O-O d6 8. Nd5 O-O 9. d4 Bxd4 10. c3 Bc5 11. Bg5 Bg4 12. Nxf6+ gxf6 13. Bh6 Re8 14. Bd5 Qd7 15. b4 Bb6 16. h3 Bh5 17. g4 Bg6 18.
Nh4 Rab8 19. Qf3 Re6 20. Bxe6 Qxe6 21. Be3 Ne7 22. Bxb6 Rxb6 23. a4 d5 24. exd5 Qxd5 25. Qe3 bxa4 26. Rfd1 Qe6 27. Rxa4 Kg7 28. Raa1 h6 29. f4 exf4 30. Qxf4 Nd5 31. Qf3 Ne3 32. Re1 Nc2 33. Rxe6 Rxe6 34. Rf1 Ne3 35. Re1 Nc4 36. Rxe6 fxe6 37. Nxg6 Kxg6 38. Qe4+ 1-0

[Event "Early-Titled-Tuesday-Blitz-October-03-2023"]
[Site "Chess.com"]
[Date "2023.10.03"]
[Round "9"]
[White "Doudou2015"]
[Black "Alenzer"]
[Result "0-1"]
[WhiteElo "2162"]
[BlackElo "2097"]
[TimeControl "180+1"]
[EndTime "9:46:28 PDT"]
[Termination "Alenzer won by resignation"]

1. b3 d5 2. Bb2 c5 3. e3 Nc6 4.
f4 e6 5. Nf3 Nf6 6. Bb5 Bd7 7.
O-O a6 8. Be2 Be7 9. h3 O-O 10.
d3 Re8 11. Nbd2 b5 12. Qe1 Bd6 13. a3 e5 14. f5 Bxf5 15. Ng5 Bg6 16. Qf2 h6 17. Ngf3 Nh5 18. Nh4 Nf6 19. Nxg6 fxg6 20. e4 d4 21. Qg3 Kh7 22. Rae1 Ne7 23. Nf3 g5 24. Bc1 Ng6 25. h4 g4 26. Nh2 h5 27.
Rf5 Nf4 28. Bd1 g6 29. Rg5 Kg7 30. Rf1 Nh7 31. Rxf4 exf4 32. Bxf4 Bxf4 33. Qxf4 Nxg5 34. hxg5 Rf8 35. Qe5+ Kh7 36. Qxc5 Rc8 37. Qe5 Qd7 38.
Nf1 Rf7 39. Ng3 Rcf8 40. Kh2 Rf2 41. Qc5 Rd2 42. Qxf8 Rxd1 43. e5 Re1 44. Qf6 h4 45. Ne4 g3+ 46. Nxg3 hxg3+ 47. Kxg3 Re3+ 48. Kf2 Qf5+ 49. Qxf5 gxf5 0-1

[Event "Early-Titled-Tuesday-Blitz-October-03-2023"]
[Site "Chess.com"]
[Date "2023.10.03"]
[Round "9"]
[White "Anton_Demchenko"]
[Black "BlueWizzard"]
[Result "1-0"]
[WhiteElo "2930"]
[BlackElo "2958"]
[TimeControl "180+1"]
[EndTime "9:46:29 PDT"]
[Termination "Anton_Demchenko won by resignation"]

1. e4 g6 2. d4 d5 3. exd5 Qxd5 4.
Nc3 Qd8 5. Bf4 Bg7 6. Qd2 c6 7. O-O-O Bf5 8. Nge2 Nf6 9. f3 Qa5 10. Kb1 Nbd7 11. g4 Be6 12. Bh6 Bxh6 13. Qxh6 b5 14.
Nc1 b4 15. N3e2 Nd5 16. Nf4 Nc3+ 17. bxc3 bxc3 18. Nb3 Qa3 19. Nd3 a5 20. Qc1 Qd6 21. Ka1 Rb8 22. Ndc5 a4 23. Nxa4 Qb4 24. Nac5 O-O 25.
Nxe6 fxe6 26. Qe3 Ra8 27. Kb1 Nf6 28. Qxe6+ Kh8 29. Qc4 Qa3 30. Qxc3 Nd5 31. Qb2 Qb4 32. Rd3 Qe1+ 33. Qc1 Nc3+ 34. Rxc3 Qxc3 35. Bd3 Rxf3 36. Qb2 Qb4 37. d5+ Rf6 38. dxc6 Rc8 39.
Rd1 Rxc6 40. g5 1-0

[Event "Early-Titled-Tuesday-Blitz-October-03-2023"]
[Site "Chess.com"]
[Date "2023.10.03"]
[Round "9"]
[White "Mysterio47"]
[Black "deribas12345"]
[Result "1-0"]
[WhiteElo "2719"]
[BlackElo "2586"]
[TimeControl "180+1"]
[EndTime "9:46:29 PDT"]
[Termination "Mysterio47 won by resignation"]

1. e4 e6 2. d4 d5 3. Nc3 Nf6 4. e5 Ne4 5. Nxe4 dxe4 6. Bc4 a6 7. a4 b6 8. Ne2 Bb7 9. O-O c5 10. Be3 cxd4 11. Qxd4 Qxd4 12. Bxd4 Nc6 13. Bxb6 Nxe5 14.
Bb3 Be7 15. Bd4 Bf6 16. a5 O-O 17. Rfd1 Rac8 18. Nc3 h6 19. Na4 Ng4 20. Nb6 Rc7 21.
h3 Bxd4 22. Rxd4 Nf6 23. Rad1 g6 24. c4 Rc5 25. Ra1 Rg5 26. h4 Rg4 27. Bd1 Rf4 28. g3 Rf5 29. b4 Kg7 30. Be2 g5 31. Nd7 Rh8 32. Nxf6 Kxf6 33. h5 e3 34. fxe3 Re5 35. Rf1+ Ke7 36. Kf2 Rc8 37. Rfd1 Rf5+ 38. Ke1 Rc7 39. b5 axb5 40. cxb5 Re5 41. b6 Rc2 42. Rd7+ Kf6 43. Rxb7 Rxe3 44. Rd2 Rc1+ 45. Kf2 Re5 46. Rbd7 Rf5+ 47. Kg2 Ra1 48. b7 1-0

[Event "Early-Titled-Tuesday-Blitz-October-03-2023"]
[Site "Chess.com"]
[Date "2023.10.03"]
[Round "9"]
[White "Mikhail_Golubev"]
[Black "Itk04"]
[Result "0-1"]
[WhiteElo "2607"]
[BlackElo "2738"]
[TimeControl "180+1"]
[EndTime "9:46:31 PDT"]
[Termination "Itk04 won by resignation"]

1. e4 e6 2. d4 d5 3. Nc3 Bb4 4. e5 c5 5. a3 Bxc3+ 6. bxc3 Qa5 7. Bd2 Qa4 8. h4 Ne7 9. h5 h6 10. Rh3 b6 11. Qg4 Kf8 12. Rf3 Bd7 13. Qf4 Be8 14. Bd3 Kg8 15. Nh3 c4 16. Bg6 fxg6 17.
Qf8+ Kh7 18. Qxe7 Qd7 19. hxg6+ Bxg6 20. Qh4 Nc6 21. O-O-O Ne7 22. Kb2 Qb5+ 23. Ka1 Nf5 24. Rxf5 Bxf5 25. Rc1 Qa4 26. Kb2 Qb5+ 27. Ka2 Kg8 28. Qe7 Re8 29. Qb7 Bxc2 30. Rxc2 Qb3+ 31. Ka1 Qxc2 32. Qd7 Kh7 33. Nf4 Qxd2 34. Nh5 Qc1+ 35.
Ka2 Qc2+ 36. Ka1 Qd1+ 37. Ka2 Qxh5 0-1

[Event "Early-Titled-Tuesday-Blitz-October-03-2023"]
[Site "Chess.com"]
[Date "2023.10.03"]
[Round "9"]
[White "karinachess1"]
[Black "Mr_ruthless"]
[Result "1-0"]
[WhiteElo "2625"]
[BlackElo "2490"]
[TimeControl "180+1"]
[EndTime "9:46:31 PDT"]
[Termination "karinachess1 won by resignation"]

1. d4 Nf6 2. c4 c5 3. d5 d6 4.
Nc3 g6 5. Nf3 Bg7 6. e4 O-O 7.
Be2 Na6 8. O-O e5 9. Ne1 h6 10. Nd3 Nh7 11. f4 exf4 12. Bxf4 Qe7 13. Qd2 g5 14.
Bg3 Bd7 15. Rae1 Nb4 16. Nc1 Be5 17. Bf2 Nf6 18. Bd3 Ng4 19. g3 Nxf2 20. Rxf2 Bd4 21. a3 Nxd3 22. Nxd3 f5 23. exf5 Qg7 24. g4 Rae8 25. Rf1 Be3 26. Qd1 Qd4 27. Kg2 Bxf2 28. Nxf2 Qxc4 29. Qf3 h5 30. h3 h4 31. Nce4 Qxd5 32.
Nf6+ Rxf6 33. Qxd5+ Kf8 34. Qd3 Bc6+ 35. Kg1 d5 36. Qc3 Rf7 37. Qxc5+ Kg8 38. Nd3 d4 39. Re1 Rxe1+ 40. Nxe1 Rf8 41. Qxd4 Re8 42. Nc2 Re2 43. Qc4+ 1-0

[Event "Early-Titled-Tuesday-Blitz-October-03-2023"]
[Site "Chess.com"]
[Date "2023.10.03"]
[Round "9"]
[White "Fantastic_Power"]
[Black "Hrant_ChessMood"]
[Result "0-1"]
[WhiteElo "2793"]
[BlackElo "2941"]
[TimeControl "180+1"]
[EndTime "9:46:32 PDT"]
[Termination "Hrant_ChessMood won on time"]

1. e4 e5 2. Nf3 Nc6 3. Bc4 Nf6 4. d4 exd4 5. O-O Nxe4 6. Re1 d5 7. Bxd5 Qxd5 8. Nc3 Qh5 9. Nxe4 Be7 10. Bg5 Be6 11.
Bxe7 Nxe7 12. Nxd4 Bg4 13. f3 Bd7 14. Qd3 O-O-O 15. Nd6+ cxd6 16. Rxe7 Rhe8 17. Rae1 Qh4 18. Rxe8 Rxe8 19. Rxe8+ Bxe8 20. g3 Qf6 21. Kf2 Bd7 22.
c3 h6 23. Qc4+ Kb8 24. Qd5 g5 25. Qe4 a6 26. a3 h5 27. h4 gxh4 28. Qxh4 Qh6 29.
Qd8+ Bc8 30. f4 Qg6 31. Qe7 Ka8 32. Qd8 Kb8 33. Qe7 h4 34. Qxh4 Qb1 35. Qe7 Qxb2+ 36. Ne2 Qxa3 37. Qf6 a5 38. g4 a4 39. g5 Qc5+ 40.
Nd4 a3 41. Qh8 a2 0-1

[Event "Early-Titled-Tuesday-Blitz-October-03-2023"]
[Site "Chess.com"]
[Date "2023.10.03"]
[Round "9"]
[White "Juicy_Fork"]
[Black "VOneChess"]
[Result "1-0"]
[WhiteElo "2456"]
[BlackElo "2244"]
[TimeControl "180+1"]
[EndTime "9:46:32 PDT"]
[Termination "Juicy_Fork won by checkmate"]

1. e4 c5 2. Nf3 d6 3. d4 cxd4 4. Nxd4 Nf6 5. Nc3 a6 6. Be2 e6 7. Be3 Be7 8. g4 Qc7 9. g5 Nfd7 10. Qd2 b5 11. a3 Bb7 12. O-O-O Nc6 13. f4 Nc5 14.
Bf3 b4 15. axb4 Nxb4 16. h4 e5 17. Nf5 O-O-O 18. Kb1 Kb8 19. Nxe7 Qxe7 20. Nd5 Nxd5 21. exd5 e4 22. Bg2 Rc8 23. Qb4 Rhe8 24. Rhe1 Ka8 25. Qb6 Qd7 26. Bxc5 Rxc5 27. Rxe4 Rec8 28. Re2 Qg4 29.
Rde1 Rxc2 30. Rxc2 Rxc2 31. Kxc2 Qxg2+ 32. Kb1 Bc8 33. Qc6+ Kb8 34. Qxd6+ Ka8 35. Qc6+ Kb8 36. Re8 Qf1+ 37.
Ka2 Qb5 38. Rxc8+ Ka7 39. Ra8# 1-0

[Event "Early-Titled-Tuesday-Blitz-October-03-2023"]
[Site "Chess.com"]
[Date "2023.10.03"]
[Round "9"]
[White "remi04"]
[Black "Eagle_2019"]
[Result "0-1"]
[WhiteElo "2855"]
[BlackElo "2708"]
[TimeControl "180+1"]
[EndTime "9:46:34 PDT"]
[Termination "Eagle_2019 won by resignation"]

1. c4 c6 2. Nf3 d5 3. e3 Nf6 4.
Nc3 e6 5. b3 Nbd7 6. Bb2 Bd6 7.
Be2 O-O 8. Qc2 a6 9. Rg1 e5 10. g4 e4 11. g5 Ne8 12. Nd4 Ne5 13. cxd5 c5 14. Nxe4 cxd4 15. Bxd4 Bf5 16. f4 Rc8 17. Qb1 Ng6 18. Bd3 Bxf4 19. Nf6+ Nxf6 20. Bxf5 Nxd5 21. Bxc8 Qxc8 22. Qe4 Nb4 23. Ke2 Re8 24. Qf3 Nc2 25.
Bc3 Nxa1 26. Rxa1 Bxe3 27. Kf1 Bxg5 28. Kg1 Qc6 29. Qxc6 bxc6 30. Rc1 Nf4 31. Rc2 Ne2+ 32. Kf2 Nxc3 33. Rxc3 Bxd2 34. Rxc6 a5 35. Kf3 Bb4 36. Rc4 g6 37. h4 Kg7 38. Rc7 Rd8 39. Ra7 Rd2 40.
a3 Bxa3 41. Rxa5 Rd3+ 42. Ke4 Rxb3 0-1

[Event "Early-Titled-Tuesday-Blitz-October-03-2023"]
[Site "Chess.com"]
[Date "2023.10.03"]
[Round "9"]
[White "JohnWhite1952"]
[Black "nitpicker"]
[Result "1-0"]
[WhiteElo "2050"]
[BlackElo "2228"]
[TimeControl "180+1"]
[EndTime "9:46:37 PDT"]
[Termination "JohnWhite1952 won on time"]

1. e4 c5 2. Nf3 d6 3. c3 Nd7 4.
d4 g6 5. Bc4 e6 6. O-O Bg7 7. Re1 Ne7 8. Bg5 h6 9. Bh4 O-O 10. Bg3 e5 11. a4 Kh7 12. Na3 b6 13.
Nc2 Bb7 14. a5 Rb8 15. axb6 axb6 16. Qd3 Nc6 17. Bd5 cxd4 18. cxd4 Nb4 19. Nxb4 exd4 20. Nxd4 Nc5 21. Qe3 Qf6 22. Bxb7 Rxb7 23. Nbc2 Re7 24. f3 h5 25. Qf4 Qxf4 26. Bxf4 Nd3 27. Bxd6 Nxe1 28.
Nxe1 Bxd4+ 29. Kh1 Rfe8 30. Bxe7 Rxe7 31. Rb1 Rc7 32.
Nd3 Rc2 33. b4 Rd2 34. Nf4 Bc3 35. Nd5 Bd4 36. Rc1 h4 37. b5 Rf2 38. Nf4 g5 39.
Nd3 1-0

[Event "Early-Titled-Tuesday-Blitz-October-03-2023"]
[Site "Chess.com"]
[Date "2023.10.03"]
[Round "9"]
[White "brm72"]
[Black "BashirovKemal"]
[Result "0-1"]
[WhiteElo "2502"]
[BlackElo "2656"]
[TimeControl "180+1"]
[EndTime "9:46:38 PDT"]
[Termination "BashirovKemal won by resignation"]

1. e4 c5 2. Nf3 d6 3. d4 cxd4 4. Nxd4 Nf6 5. Nc3 a6 6. Be2 e5 7.
Nb3 Be7 8. O-O O-O 9. Re1 Be6 10.
Bf3 Nbd7 11. a4 Rc8 12. a5 Qc7 13. Be3 Rfd8 14. Nd2 Nf8 15. Nf1 Qb8 16. Bb6 Rd7 17. Ne3 Bd8 18. Ned5 Bxd5 19. Nxd5 Nxd5 20. exd5 Bxb6 21.
axb6 f5 22. Be2 Ng6 23. c4 Nf4 24. Bf1 Rf8 25. b4 Qd8 26. g3 Ng6 27. c5 dxc5 28. bxc5 Kh8 29. Bc4 f4 30. Qb3 fxg3 31. hxg3 Rdf7 32.
Re2 Qc8 33. c6 Qg4 34. c7 Nf4 35. Raa2 Nh3+ 36. Kf1 Rf3 37. Qxf3 Qxf3 38. Ke1 Qc3+ 39. Kf1 Qxc4 40. Kg2 Ng5 41. d6 Qd5+ 42. Kf1 Qxd6 43.
Rad2 Qxb6 44. Rd8 Rxd8 45. cxd8=Q+ Qxd8 46. Rxe5 Nf7 47. Rf5 Nd6 0-1

[Event "Early-Titled-Tuesday-Blitz-October-03-2023"]
[Site "Chess.com"]
[Date "2023.10.03"]
[Round "9"]
[White "PeshkaCh"]
[Black "SashaKuzhilniy"]
[Result "1-0"]
[WhiteElo "2802"]
[BlackElo "2635"]
[TimeControl "180+1"]
[EndTime "9:46:40 PDT"]
[Termination "PeshkaCh won on time"]

1. Nf3 g6 2. d4 Bg7 3. g3 Nf6 4. Bg2 O-O 5. O-O d6 6. c4 c5 7.
Nc3 Nc6 8. b3 Bg4 9. dxc5 dxc5 10.
Be3 Qc8 11. Rc1 b6 12. Nd5 Rd8 13. Nd2 Nxd5 14. cxd5 Nb4 15. d6 Rxd6 16. Bxa8 Qxa8 17. f3 Bh3 18. Re1 Nxa2 19. Rc2 Nb4 20. Rc4 Be6 21. Rh4 Nd5 22. Bf2 Nc3 23. Qc2 Qd8 24. Nc4 Bxc4 25.
Rxc4 Rd2 26. Rxc3 Rxc2 27. Rxc2 Qd5 28. Rb1 h5 29. Kg2 a5 30. Rc4 Qd2 31. Kf1 Qa2 32. Rcc1 e6 33. Be1 Bd4 34. h4 Be3 35. Rd1 Qc2 36.
Bf2 Bxf2 37. Kxf2 Kg7 38. Rdc1 Qa2 39. Rd1 a4 40. bxa4 Qxa4 41. Rdc1 b5 42. Kf1 c4 43.
Rb2 Qa3 44. Rbc2 Qd6 45. Rb1 Qe5 46. Kf2 1-0

[Event "Early-Titled-Tuesday-Blitz-October-03-2023"]
[Site "Chess.com"]
[Date "2023.10.03"]
[Round "9"]
[White "Sanyura"]
[Black "zverr1"]
[Result "0-1"]
[WhiteElo "2657"]
[BlackElo "2533"]
[TimeControl "180+1"]
[EndTime "9:46:40 PDT"]
[Termination "zverr1 won on time"]

1. Nf3 g6 2. g3 Bg7 3. Bg2 Nf6 4. O-O O-O 5. d4 d5 6. c4 c6 7. Nc3 dxc4 8. Ne5 Ng4 9. Nxg4 Bxg4 10. Be3 Be6 11. Qc2 a5 12. Rad1 Na6 13. a3 Nc7 14. Bc1 Bf5 15. e4 Bg4 16. Ne2 b5 17. Be3 Qc8 18. d5 cxd5 19. exd5 Bh3 20. Bxh3 Qxh3 21. Bf4 Qd7 22. d6 exd6 23. Rxd6 Qe7 24. Rb6 Rfb8 25. Rxb8+ Rxb8 26. Rd1 Rd8 27. Nc3 b4 28. axb4 axb4 29. Rxd8+ Qxd8 30. Ne4 Ne6 31. Be3 Qd5 32. Nd2 c3 33.
bxc3 bxc3 34. Ne4 Nd4 35. Bxd4 Qxd4 36. Kg2 h5 37. f3 f5 38. Nf2 Kh7 39. Qb3 Qd2 0-1

[Event "Early-Titled-Tuesday-Blitz-October-03-2023"]
[Site "Chess.com"]
[Date "2023.10.03"]
[Round "9"]
[White "sergoy"]
[Black "MatthewG-p4p"]
[Result "1-0"]
[WhiteElo "3020"]
[BlackElo "2835"]
[TimeControl "180+1"]
[EndTime "9:46:41 PDT"]
[Termination "sergoy won by checkmate"]

1. d4 Nf6 2. c4 c5 3. d5 e6 4.
Nc3 exd5 5. cxd5 d6 6. e4 g6 7. h3 Bg7 8. Nf3 O-O 9. Bd3 Re8 10. O-O Nbd7 11. Re1 Ne5 12. Nxe5 Rxe5 13. Bf4 Nh5 14. Bxe5 Bxe5 15. Qf3 Qg5 16. Bf1 Nf4 17. Kh1 h5 18. a4 Bd7 19. Ne2 Bg4 20. Qe3 Bxe2 21. Rxe2 Bd4 22. Qd2 Qe5 23. Re3 h4 24. Rf3 g5 25.
Re1 Re8 26. b3 Re7 27. g3 hxg3 28. fxg3 Nh5 29. Kg2 f6 30. Bc4 Rg7 31. Rh1 g4 32.
hxg4 Rxg4 33. Rh3 Kg7 34. Bd3 Bc3 35. Qe3 Bd4 36. Qd2 Bc3 37. Qc1 Bb2 38. Qf1 Bc3 39. Qc1 Bb2 40. Qf1 Bc3 41. Kh2 Bd2 42. Qf2 Bh6 43.
Rf5 Qc3 44. Rfxh5 Qxd3 45. Rxh6 Qxe4 46. Qxf6+ Kg8 47. Rh8# 1-0

[Event "Early-Titled-Tuesday-Blitz-October-03-2023"]
[Site "Chess.com"]
[Date "2023.10.03"]
[Round "9"]
[White "vedantgoswami"]
[Black "LaPiToB"]
[Result "1-0"]
[WhiteElo "2402"]
[BlackElo "2285"]
[TimeControl "180+1"]
[EndTime "9:46:41 PDT"]
[Termination "vedantgoswami won on time"]

1. c3 Nf6 2. d4 d5 3. Bf4 c5 4.
e3 Nc6 5. Nd2 g6 6. Ngf3 Bg7 7.
h3 O-O 8. Bd3 e6 9. dxc5 Re8 10.
Bd6 e5 11. e4 dxe4 12. Nxe4 Nxe4 13. Bxe4 Be6 14. Bd5 Bxd5 15. Qxd5 e4 16. Ng5 Qd7 17.
O-O-O h6 18. Nxe4 Rad8 19. Rhe1 Kh7 20. h4 Qg4 21. f3 Qd7 22. h5 g5 23. g4 Re6 24.
Qf5+ Kg8 25. Rd3 Ne5 26. Rd5 Nc4 27. Rdd1 Qa4 28. Nd2 Nxb2 29. Kxb2 Qb4+ 30. Nb3 Qxc3+ 31. Ka3 Qb2+ 32. Kb4 Bc3+ 33. Kc4 b5+ 34. cxb6 axb6 35. Rxe6 Rc8+ 36. Kb5 Bg7 37. Re7 Rf8 38. Be5 Qxa2 39. Bxg7 Qxb3+ 40. Kc6 Kxg7 41. Qe5+ Kg8 42. Rdd7 Qc4+ 43.
Kb7 Qc8+ 44. Kxb6 1-0

[Event "Early-Titled-Tuesday-Blitz-October-03-2023"]
[Site "Chess.com"]
[Date "2023.10.03"]
[Round "9"]
[White "Flaccidmoves"]
[Black "Maxfan2008"]
[Result "0-1"]
[WhiteElo "2456"]
[BlackElo "2573"]
[TimeControl "180+1"]
[EndTime "9:46:42 PDT"]
[Termination "Maxfan2008 won on time"]

1. c4 c6 2. d4 d5 3. cxd5 cxd5 4. Bg5 Nc6 5. Nc3 f6 6. Bd2 Bf5 7. Nf3 e5 8. e3 e4 9. Ng1 Nge7 10. Nge2 g6 11. Nf4 Bh6 12. g3 O-O 13. h4 Bxf4 14. gxf4 h5 15. Rg1 Kh7 16. Be2 Qe8 17. Qb3 Be6 18.
Nxe4 Rb8 19. Nc5 Bf5 20. Bd3 b6 21. Na6 Rc8 22. Kf1 Qd7 23. Rg3 Bxd3+ 24. Qxd3 Nf5 25. Rg1 Nxh4 26. Rc1 Qh3+ 27. Ke2 Qf3+ 28. Kf1 Rfe8 29. Rg3 Qh1+ 30. Ke2 Qh2 31. Rcg1 Re4 32. Nb4 Nxb4 33. Bxb4 Nf5 34. Bc3 Nxg3+ 35. Rxg3 Rce8 36. Kf3 Qh1+ 37. Ke2 Qh2 38. Qb5 R8e7 39. Qxd5 h4 40. Rf3 Qg2 41. Qd6 Qg4 42. Qxf6 Qf5 43. Qxh4+ Kg7 44. d5+ Kf8 45. Qh7 Rxh7 0-1